 Dungeon Crawl Stone Soup version 0.30.0-5-g1a98f26d00 (webtiles) character file.

Game seed: 3212844527580613664

124 ANNNA the Chiller (level 4, -6/34 HPs)
             Began as a Draconian Ice Elementalist on May 12, 2023.
             Killed from afar by an orc wizard (9 damage)
             ... with a puff of flame
             ... on level 3 of the Dungeon.
             The game lasted 00:06:50 (1985 turns).

ANNNA the Chiller (Draconian Ice Elementalist)      Turns: 1985, Time: 00:06:51

Health: -6/34      AC:  6    Str: 12    XL:     4   Next: 81%
Magic:  6/8        EV: 12    Int: 16    God:
Gold:   179        SH:  0    Dex: 11    Spells: 2/9 levels left

rFire   . . .        h - +0 double sword
rCold   . . .        (no shield)
rNeg    . . .        (body armour unavailable)
rPois   .            (helmet restricted)
rElec   .            (no cloak)
rCorr   .            f - +0 pair of gloves
SInv    .            (no boots)
Will    .....        (no amulet)
Stlth   +            (no ring)
HPRegen 0.25/turn    (no ring)
MPRegen 0.11/turn

%: no passive effects
@: confused
A: AC +5, unfitting armour, cold-blooded
a: no special abilities


You were on level 3 of the Dungeon.
You visited 1 branch of the dungeon, and saw 3 of its levels.

You collected 179 gold pieces.

Inventory:

Hand Weapons
 d - a +0 dagger of venom
 h - a +0 double sword (weapon)
Missiles
 c - 2 silver javelins
 g - 6 poisoned darts
 p - a throwing net
 q - 4 stones
Armour
 f - a +0 pair of gloves (worn)
Scrolls
 b - 2 scrolls of poison
 e - a scroll of fear
 j - a scroll of enchant weapon {unknown}
 k - a scroll of noise {unknown}
 m - a scroll of enchant armour {unknown}
 n - a scroll of teleportation {unknown}
Potions
 a - a potion of magic
 i - a potion of ambrosia {unknown}
 l - 3 potions of mutation
 r - a potion of brilliance {unknown}


   Skills:
 + Level 0.5 Fighting
 + Level 0.8(0.9) Short Blades
 + Level 0.2(0.5) Long Blades
 + Level 2.2 Dodging
 * Level 2.2 Stealth
 * Level 3.1 Spellcasting
 + Level 4.5 Ice Magic
 * Level 1.3 Evocations


You had 2 spell levels left.
You knew the following spells:

 Your Spells              Type           Power      Damage    Failure   Level
a - Freeze                Ice            68%        1d8       2%          1
b - Frozen Ramparts       Ice            34%        1d6       9%          3
c - Ozocubu's Armour      Ice            17%        N/A       9%          3

Your spell library contained the following spells:

 Spells                   Type           Power      Damage    Failure   Level
 Blink                    Tloc           4%         N/A       28%         2
 Lesser Beckoning         Tloc           4%         N/A       28%         2
 Momentum Strike          Conj/Tloc      4%         3d8       28%         2
 Gell's Gravitas          Tloc           2%         N/A       50%         3
 Teleport Other           Tloc           2%         N/A       50%         3
 Summon Ice Beast         Ice/Summ       9%         N/A       58%         4


Dungeon Overview and Level Annotations

Branches:
Dungeon (3/15)

Altars:
Vehumet

Shops:
D:1 [

Annotations:
D:3 Grinder, Sigmund


Innate Abilities, Weirdness & Mutations

Your plain brown scales are hard. (AC +5)
You cannot fit into any form of body armour.
You are cold-blooded and may be slowed by cold attacks.


Message History

The orc priest looks frightened!
It was a scroll of fear.
You hear some strange, mumbled words.
You are confused.
The orc priest gives up.
You are too confused!
You bump into the rock wall.
You're too confused to move!
You hear some strange, mumbled words.
A puff of flame appears from out of thin air!
The puff of flame hits you.
* * * LOW HITPOINT WARNING * * *
An orc wizard appears from thin air!
Reactivating autopickup.
Cornered, the orc wizard turns to fight!
The orc wizard mumbles some strange words.
The orc wizard flickers and vanishes!
Deactivating autopickup; reactivate with Ctrl-A.
You bump into the rock wall.
You feel less confused.
You hear some strange, mumbled words.
You are confused.
You bump into the rock wall.
You hear some strange, mumbled words.
You are more confused.
You bump into the rock wall.
A magic dart appears from out of thin air!
The magic dart hits you.
* * * LOW HITPOINT WARNING * * *
You bump into the rock wall.
Something hits you but does no damage.
You're too confused to move!
Something hits you.
* * * LOW HITPOINT WARNING * * *
You bump into the rock wall.
Something hits you but does no damage. Something hits you but does no damage.
Something hits you.
* * * LOW HITPOINT WARNING * * *
Found 7 stones.
You hear some strange, mumbled words.
A puff of flame appears from out of thin air!
The puff of flame hits you!
You die...

....# ....###
......# ...#..#
...#..#
...#..############
...#o.......o..{.#
...#..##.#######.#
.#######)# #@#
.#♣♣♣♣♣♣o♣♣♣♣♣♣#.#
##♣...........♣#.#
♣...........♣#.#
♣.o♣♣♣♣♣♣♣..♣#.#
♣o.♣ .♣#.# ♣..♣
♣#(# o.o♣ +.#
#♣..♣


There were no monsters in sight!

Vanquished Creatures
  An orc wizard (D:3)
  5 adders
  A dart slug (D:1)
  2 orcs (D:3)
  11 ball pythons
  5 endoplasms
  2 giant cockroaches (D:1)
  4 goblins
  5 hobgoblins
  4 kobolds
  3 quokkas
  3 bats (D:1)
  A frilled lizard (D:1)
  4 rats
51 creatures vanquished.

Notes
Turn   | Place    | Note
-------+----------+-------------------------------------------
     0 | D:1      | ANNNA the Draconian Ice Elementalist began the quest for
                  | the Orb.
     0 | D:1      | Reached XP level 1. HP: 14/14 MP: 3/3
   224 | D:1      | Found Poibeobris's Antique Armour Boutique.
   229 | D:1      | Reached XP level 2. HP: 20/20 MP: 3/5
   558 | D:1      | Reached XP level 3. HP: 25/26 MP: 6/6
   612 | D:1      | Found a faded altar of an unknown god.
  1102 | D:2      | Learned a level 3 spell: Frozen Ramparts
  1106 | D:2      | Learned a level 3 spell: Ozocubu's Armour
  1226 | D:2      | Reached XP level 4. HP: 34/34 MP: 8/8
  1616 | D:3      | Reached skill level 1 in Evocations
  1658 | D:3      | Noticed Grinder
  1814 | D:3      | Found a radiant altar of Vehumet.
  1896 | D:3      | Noticed Sigmund
  1964 | D:3      | HP: 1/34 [something/puff of flame (8)]
  1985 | D:3      | Killed from afar by an orc wizard

Illustrated notes

Levels and vault maps discovered:
D:1:      giann_wishing_wells, layout_basic, serial_shops,
          nicolae_shop_temple_entry_statues_fountains,
          dreamdust_ecumenical_altar_grove, minmay_misc_feat_five,
          minmay_close_crescents
D:2:      layout_loops_ring
D:3:      layout_rooms, nicolae_overflow_crystal_walls, vehumet_crystals,
          mainiacjoe_overflow_big_doors, chequers_serial_rivers_micro_c,
          serial_bayou_ford_a, kennysheep_path_1, kennysheep_decorative_pillar,
          kennysheep_small_spiral, uniq_sigmund, uniq_grinder

Skill      XL: |  1  2  3  4 |
---------------+-------------+-----
Dodging        | 2 |  2.2
Stealth        | 2 |  2.2
Evocations     | 1 |  1.3
Spellcasting   | 3 |  3.1
Fighting       | |  0.5
Short Blades   | |  0.8
Long Blades    | |  0.2
Ice Magic      | |  4.5

Action                     |  1- 3 |  4- 6 || total
---------------------------+-------+-------++-------
  Melee: Unarmed           |    27 |       ||    27
         Tailslap          |     8 |     3 ||    11
         Dagger            |    51 |    13 ||    64
         Double sword      |       |    27 ||    27
         Punch             |       |     1 ||     1
   Cast: Freeze            |    24 |     1 ||    25
         Ozocubu's Armour  |     1 |     3 ||     4
         Frozen Ramparts   |       |     1 ||     1
    Use: Scroll            |       |     4 ||     4
         Potion            |       |     3 ||     3
   Stab: Sleeping          |     1 |     1 ||     2
 Armour: Skin              |    35 |    24 ||    59
  Dodge: Dodged            |    72 |    32 ||   104
